 Dungeon Crawl Stone Soup version 0.27.1-4-g1640c2035a (webtiles) character file.

Game seed: 1451929921829434773

126 Stomo444 the Cudgeller (level 5, 0/29 HPs)
             Began as a Vine Stalker Monk on Nov 10, 2021.
             Succumbed to an orc wizard's poison
             ... on level 3 of the Dungeon.
             The game lasted 00:03:50 (3096 turns).

Stomo444 the Cudgeller (Vine Stalker Monk)          Turns: 3096, Time: 00:03:52

Health: 0/29       AC:  4    Str: 14    XL:     5   Next: 9%
Magic:  3/6        EV: 13    Int: 10    God:
Gold:   95         SH:  0    Dex: 17    Spells: 4/4 levels left

rFire    . . .     SeeInvis .   c - +0 club
rCold    . . .     Faith    .   (no shield)
rNeg     . . .     Spirit   +   b - +0 robe
rPois    .         Reflect  .   (no helmet)
rElec    .         Harm     .   (no cloak)
rCorr    .         Rampage  .   p - +0 pair of gloves
Will     .....                  h - +0 pair of boots
Stlth    ++........             (no amulet)
HPRegen  1.09/turn              (no ring)
MPRegen  0.10/turn              (no ring)

@: lethally poisoned (0 -> -4)
A: fangs 2, regeneration 1, magic shield, antimagic bite, no potion heal 2,
subdued magic 1
a: no special abilities


You were on level 3 of the Dungeon.
You visited 1 branch of the dungeon, and saw 3 of its levels.

You collected 95 gold pieces.

Inventory:

Hand Weapons
 a - a +0 mace
 c - a +0 club (weapon)
Missiles
 d - 70 stones (quivered)
Armour
 b - a +0 robe (worn)
 h - a +0 pair of boots (worn)
 p - a +0 pair of gloves (worn)
Jewellery
 k - a ring of positive energy
Scrolls
 e - a scroll of silence {unknown}
 g - 2 scrolls of identify {unknown}
 i - 2 scrolls of immolation {unknown}
 l - 3 scrolls of amnesia {unknown}
 m - a scroll of teleportation {unknown}
 o - 2 scrolls of enchant weapon {unknown}
 q - a scroll of enchant armour {unknown}
 r - a scroll of noise {unknown}
 s - a scroll of fear {unknown}
 t - a scroll of torment {unknown}
Potions
 j - a potion of flight {unknown}
 n - a potion of heal wounds


   Skills:
 * Level 3.8 Fighting
 * Level 3.9 Maces & Flails
 + Level 2.9 Dodging
 - Level 2.4 Stealth


You had 4 spell levels left.
You didn't know any spells.
Your spell library was empty.

Dungeon Overview and Level Annotations

Branches:
Dungeon (3/15)

Altars:


Innate Abilities, Weirdness & Mutations

You have extremely sharp teeth.
Your natural rate of healing is unusually fast.
When hurt, damage is shared between your health and your magic reserves.
Your bite disrupts and absorbs the magic of your enemies.
Potions cannot restore your health.
Your spells are a little easier to cast, but a little less powerful.


Message History

You hit the orc.
You kill the orc!
You hear some strange, mumbled words.
You hit something. Something completely misses you.
You barely miss something. You bite something.
A magic dart appears from out of thin air!
The magic dart hits something.
You hit something. You barely miss something. Your bite misses something.
Something hits you.
You hit something but do no damage. You bite something.
An orc wizard appears from thin air!
Reactivating autopickup.
You strike the helpless orc wizard from behind!
You hit the orc wizard but do no damage.
You bite the orc wizard, but do no damage.
The orc wizard is severely wounded.
The orc wizard hits you with a +0 dagger of venom.
You are poisoned.
You hit the orc wizard.
The orc wizard is almost dead.
You feel very sick.
You strike the helpless orc wizard from behind!
You hit the orc wizard but do no damage.
Your bite misses the orc wizard.
The orc wizard is almost dead.
You feel very sick.
The orc wizard hits you with a +0 dagger of venom.
You are lethally poisoned!
* * * LOW HITPOINT WARNING * * *
You feel very sick.
The orc wizard hits something with a +0 dagger of venom.
* * * LOW HITPOINT WARNING * * *
You feel very sick.
The orc wizard seems less confused.
It was a potion of heal wounds.
That seemed strangely inert.
* * * LOW HITPOINT WARNING * * *
You feel very sick.
It was a potion of mutation.
You feel extremely strange.
Your connection to magic feels subdued.
You die...

##..# ..... #..... ...? ....
#####. ##o## .... #.....
##...## ###...### #.####
##....o## #.......# #.####
#.......## ##.##.##.# #.##.#
#.........####.>.#.##.####.#...
+.........').o.................
#.........####@..#.##.####.#...
##.......## ##.##.##.# #......
##.....## #.##.##.# #.#....
##...## #<.^....# #...... ##+#
####.#### #####.. #.# ##. #.#
#. #.# #. #.# #.


You could see an orc wizard.

Vanquished Creatures
  An orc wizard (D:3)
  2 adders (D:2)
  2 worms
  8 orcs (D:3)
  5 ball pythons
  6 bats
  11 endoplasms
  3 giant cockroaches
  3 goblins (D:2)
  3 hobgoblins
  5 quokkas
  2 frilled lizards
  7 kobolds
  2 rats (D:2)
60 creatures vanquished.

Notes
Turn   | Place    | Note
-------+----------+-------------------------------------------
     0 | D:1      | Stomo444 the Vine Stalker Monk began the quest for the Orb.
     0 | D:1      | Reached XP level 1. HP: 11/11 MP: 2/2
    33 | D:1      | Reached XP level 2. HP: 11/16 MP: 1/3
   899 | D:1      | Reached XP level 3. HP: 20/20 MP: 4/4
  1516 | D:2      | Found a faded altar of an unknown god.
  2060 | D:2      | Gained mutation: Your natural rate of healing is unusually
                  | fast. [Vine Stalker growth]
  2060 | D:2      | Reached XP level 4. HP: 22/24 MP: 3/5
  2971 | D:3      | Reached XP level 5. HP: 22/29 MP: 4/6
  3096 | D:3      | Gained mutation: Your spells are a little easier to cast,
                  | but a little less powerful. [potion of mutation]
  3096 | D:3      | Succumbed to an orc wizard's poison

Illustrated notes

Levels and vault maps discovered:
D:1:      wander_arrival_abandoned_jail, layout_rooms
D:2:      layout_basic, ebering_ecumenical_altar_box, minmay_pentomino_pile
D:3:      cheibrodos_old_hovel, layout_loops_corners,
          mainiacjoe_overflow_alcove_4, nicolae_hepliaklqana_hippocampus

Skill      XL: |  1  2 |
---------------+-------+-----
Maces & Flails | 3 |  3.9
Fighting       | 3 |  3.8
Dodging        | |  2.9
Stealth        | |  2.4

Action                   |  1- 3 |  4- 6 || total
-------------------------+-------+-------++-------
Melee: Mace              |    87 |    10 ||    97
       Bite              |    15 |    43 ||    58
       Club              |       |   114 ||   114
Throw: Stone             |     2 |       ||     2
  Use: Potion            |       |     2 ||     2
 Stab: Sleeping          |     8 |     3 ||    11
       Confused          |       |     2 ||     2
Armor: Robe              |    35 |    20 ||    55
Dodge: Dodged            |    44 |    55 ||    99
